[ AOE2 MATCH · #479449703 ]
UnrankedSaracens vs Poles
[ REPLAY ANALYSIS · EXTRACTED FROM THE RECORDED GAME ]
Feudal
13:28
Castle
22:49
Imperial
34:25
| APM avg | 17.5 |
| APM peak | 43 |
| eAPM avg | 12.8 |
| Villagers / military | 107 / 262 |
Focus
⚔️ 27.6% · 🌾 72.4%
Mameluke ×143 · Scout Cavalry ×113 · Trade Cart ×17 · Trebuchet (Packed) ×4 · Monk ×2
Feudal
11:23
Castle
21:23
Imperial
34:24
| APM avg | 14.1 |
| APM peak | 33 |
| eAPM avg | 10.6 |
| Villagers / military | 96 / 350 |
Focus
⚔️ 32.9% · 🌾 67.1%
Knight ×283 · Scout Cavalry ×61 · Trade Cart ×7 · Bombard Cannon ×6
Feudal
11:53
Castle
18:45
Imperial
34:43
| APM avg | 21.9 |
| APM peak | 43 |
| eAPM avg | 13.7 |
| Villagers / military | 139 / 196 |
Focus
⚔️ 33.1% · 🌾 66.9%
Mangudai ×175 · Trebuchet (Packed) ×11 · Archer ×10 · Trade Cart ×10
Feudal
13:29
Castle
18:40
Imperial
33:10
| APM avg | 14.9 |
| APM peak | 36 |
| eAPM avg | 10.9 |
| Villagers / military | 159 / 228 |
Focus
⚔️ 27.7% · 🌾 72.3%
Spearman ×94 · Woad Raider ×93 · Trade Cart ×24 · Scorpion ×16 · Mangonel ×11 · Trebuchet (Packed) ×11
Feudal
11:49
Castle
24:20
Imperial
39:05
| APM avg | 20.3 |
| APM peak | 47 |
| eAPM avg | 13.9 |
| Villagers / military | 118 / 58 |
Focus
⚔️ 23.3% · 🌾 76.7%
Spearman ×27 · War Wagon ×16 · Trade Cart ×10 · Fire Lancer ×5 · Trebuchet (Packed) ×4 · Iron Pagoda ×3
Feudal
20:06
Castle
26:48
Imperial
48:33
| APM avg | 27.3 |
| APM peak | 71 |
| eAPM avg | 17.1 |
| Villagers / military | 207 / 46 |
Focus
⚔️ 11.2% · 🌾 88.8%
Mangudai ×41 · Mangonel ×5
Feudal
12:47
Castle
28:51
Imperial
41:44
| APM avg | 22.7 |
| APM peak | 56 |
| eAPM avg | 12.6 |
| Villagers / military | 50 / 59 |
Focus
⚔️ 32.7% · 🌾 67.3%
Serjeant ×46 · Battering Ram ×9 · Trade Cart ×5 · Monk ×2 · Trebuchet (Packed) ×2
Feudal
12:06
Castle
25:27
Imperial
34:29
| APM avg | 17.5 |
| APM peak | 55 |
| eAPM avg | 12.5 |
| Villagers / military | 124 / 124 |
Focus
⚔️ 36.5% · 🌾 63.5%
Cavalry Archer ×73 · Magyar Huszar ×41 · Trade Cart ×8 · Trebuchet (Packed) ×4 · Archer ×3 · Monk ×1
Match map
Initial resources + every placement click. Lines = walls · curves = elevation contours. ◆ gold · ⬟ stone · ● berries · ✦ relic · ◌ wall gap
Your base· ✓ Closed at 22:49 · 28t walls · no gate
Volmouth's base· ✓ Closed at 21:23 · 0t walls · no gate
Vantokk's base· ✓ Closed at 18:45 · 32t walls · no gate
marcelosarto's base· ✓ Closed at 18:40 · 20t walls · 2 gate(s)
Amarena's base· ✓ Closed at 24:20 · 29t walls · 1 gate(s)
CristianJSE's base· ✓ Closed at 26:48 · 136t walls · no gate
Kanzaki's base· ✓ Closed at 28:51 · 11t walls · no gate
SilverBullet's base· ✓ Closed at 25:27 · 51t walls · 2 gate(s)
Smoothed initial terrain · ◌ = detected wall gap · hover for details
Inputs per minute
— Lord Cochrane - - Volmouth
Build order — Lord Cochrane
First 150 of 345 actions detected
| 0:03 | Create | Villager (Male) ×4 |
| 0:03 | Create | Villager (Male) ×4 |
| 0:13 | Build | House |
| 1:30 | Research | Loom |
| 1:32 | Create | Villager (Male) |
| 2:00 | Build | Palisade Wall |
| 2:15 | Build | House |
| 2:23 | Build | House |
| 2:28 | Build | House |
| 3:08 | Build | Palisade Wall |
| 3:23 | Create | Villager (Male) ×4 |
| 4:09 | Create | Villager (Male) |
| 4:20 | Build | House |
| 4:32 | Build | House |
| 4:40 | Create | Villager (Male) |
| 5:07 | Build | House |
| 5:18 | Create | Villager (Male) |
| 5:37 | Create | Villager (Male) |
| 6:14 | Build | Lumber Camp |
| 6:24 | Create | Villager (Male) |
| 6:52 | Build | Mill |
| 7:05 | Create | Villager (Male) |
| 7:38 | Create | Villager (Male) |
| 7:49 | Create | Villager (Male) ×2 |
| 8:26 | Build | Mill |
| 8:57 | Create | Villager (Male) |
| 9:06 | Create | Villager (Male) |
| 9:27 | Create | Villager (Male) |
| 9:27 | Create | Villager (Male) |
| 9:27 | Create | Villager (Male) |
| 9:46 | Build | Mill |
| 10:48 | Create | Villager (Male) |
| 11:18 | Research | Feudal Age |
| 11:59 | Build | House |
| 11:59 | Build | House |
| 12:01 | Build | House |
| 12:02 | Build | House |
| 12:03 | Build | House |
| 12:06 | Build | House |
| 12:08 | Build | House |
| 12:09 | Build | House |
| 12:10 | Build | House |
| 12:12 | Build | House |
| 12:14 | Build | House |
| 12:45 | Build | Barracks |
| 13:09 | Build | Lumber Camp |
| 13:28 | Age | Feudal Age |
| 13:34 | Research | Horse Collar |
| 13:36 | Research | Town Watch |
| 13:37 | Create | Villager (Male) ×5 |
| 13:50 | Build | Mining Camp |
| 14:09 | Research | Double-Bit Axe |
| 14:23 | Build | Stone Wall |
| 14:24 | Build | Stone Wall |
| 14:25 | Build | Stone Wall |
| 14:26 | Build | Stone Wall |
| 14:27 | Build | Stone Wall |
| 14:30 | Build | Stone Wall |
| 14:31 | Build | Stone Wall |
| 14:32 | Build | Stone Wall |
| 14:33 | Build | Stone Wall |
| 14:33 | Build | Stone Wall |
| 14:34 | Build | Stone Wall |
| 14:35 | Build | Stone Wall |
| 14:36 | Build | Stone Wall |
| 14:48 | Create | Villager (Male) |
| 14:52 | Build | Mining Camp |
| 15:28 | Create | Villager (Male) |
| 16:01 | Build | Market |
| 16:09 | Build | Market |
| 16:22 | Build | Blacksmith |
| 16:32 | Create | Villager (Male) |
| 16:33 | Create | Villager (Male) |
| 16:42 | Build | House |
| 16:43 | Build | House |
| 16:44 | Build | House |
| 16:46 | Build | House |
| 16:47 | Build | House |
| 16:48 | Build | House |
| 16:53 | Build | House |
| 16:54 | Build | House |
| 17:13 | Create | Villager (Male) |
| 17:32 | Build | Outpost |
| 17:48 | Build | Farm |
| 17:49 | Build | Farm |
| 17:49 | Build | Farm |
| 17:50 | Build | Farm |
| 17:51 | Build | Farm |
| 18:12 | Create | Villager (Male) |
| 18:30 | Create | Villager (Male) |
| 19:09 | Build | Farm |
| 19:09 | Build | Farm |
| 19:10 | Build | Farm |
| 19:10 | Build | Farm |
| 19:11 | Build | Farm |
| 19:12 | Build | Farm |
| 19:12 | Build | Farm |
| 19:14 | Build | Farm |
| 19:21 | Build | Farm |
| 19:21 | Build | Farm |
| 19:46 | Build | Farm |
| 19:51 | Build | Farm |
| 19:52 | Build | Farm |
| 20:09 | Research | Castle Age |
| 20:26 | Research | Forging |
| 20:32 | Research | Scale Barding Armor |
| 20:39 | Create | Trade Cart ×2 |
| 21:09 | Create | Villager (Male) |
| 21:09 | Create | Villager (Male) |
| 21:10 | Create | Villager (Male) |
| 21:34 | Build | House |
| 21:36 | Build | House |
| 21:37 | Build | House |
| 21:39 | Build | House |
| 21:39 | Build | House |
| 21:40 | Build | House |
| 21:42 | Build | House |
| 21:43 | Build | House |
| 21:57 | Research | Fletching |
| 22:49 | Age | Castle Age |
| 22:58 | Build | Town Center |
| 23:04 | Research | Bow Saw |
| 23:49 | Research | Heavy Plow |
| 23:57 | Create | Villager (Male) |
| 23:58 | Create | Villager (Male) |
| 23:58 | Create | Villager (Male) |
| 23:58 | Create | Villager (Male) |
| 23:59 | Create | Villager (Male) |
| 24:05 | Create | Villager (Male) |
| 24:05 | Create | Villager (Male) |
| 24:06 | Create | Villager (Male) |
| 24:30 | Build | Monastery |
| 25:17 | Create | Villager (Male) |
| 25:18 | Create | Villager (Male) |
| 25:20 | Create | Monk |
| 25:29 | Build | Town Center |
| 25:49 | Build | Lumber Camp |
| 25:54 | Create | Villager (Male) |
| 25:54 | Create | Villager (Male) |
| 25:55 | Create | Villager (Male) |
| 26:36 | Create | Monk |
| 26:41 | Research | Wheelbarrow |
| 26:44 | Create | Villager (Male) |
| 26:44 | Create | Villager (Male) |
| 26:44 | Create | Villager (Male) |
| 26:44 | Create | Villager (Male) |
| 26:45 | Create | Villager (Male) |
| 26:48 | Create | Villager (Male) |
| 26:49 | Create | Villager (Male) |
| 27:14 | Build | Mining Camp |
Build order — Volmouth
First 150 of 318 actions detected
| 0:04 | Build | House |
| 0:08 | Build | House |
| 0:10 | Create | Villager (Male) ×4 |
| 1:33 | Create | Villager (Male) |
| 2:13 | Create | Villager (Male) |
| 2:31 | Create | Villager (Male) |
| 3:16 | Create | Villager (Male) |
| 3:37 | Create | Villager (Male) |
| 3:51 | Build | Mill |
| 3:57 | Research | Loom |
| 3:58 | Create | Villager (Male) |
| 4:16 | Build | House |
| 4:18 | Build | House |
| 4:26 | Build | House |
| 4:27 | Build | House |
| 4:32 | Create | Villager (Male) |
| 4:55 | Create | Villager (Male) |
| 5:03 | Build | Lumber Camp |
| 5:20 | Create | Villager (Male) |
| 5:20 | Create | Villager (Male) |
| 5:53 | Create | Villager (Male) |
| 6:03 | Build | House |
| 6:05 | Build | House |
| 7:00 | Create | Villager (Male) |
| 7:15 | Build | House |
| 7:16 | Build | House |
| 7:23 | Create | Villager (Male) |
| 7:25 | Create | Villager (Male) |
| 8:05 | Build | Mining Camp |
| 8:11 | Create | Villager (Male) |
| 8:48 | Create | Villager (Male) |
| 9:13 | Research | Feudal Age |
| 9:43 | Build | Mill |
| 11:23 | Age | Feudal Age |
| 11:25 | Research | Horse Collar |
| 11:27 | Research | Double-Bit Axe |
| 11:30 | Create | Villager (Male) |
| 11:31 | Create | Villager (Male) |
| 11:31 | Create | Villager (Male) |
| 11:50 | Create | Villager (Male) |
| 12:03 | Build | Lumber Camp |
| 12:10 | Create | Villager (Male) |
| 13:43 | Create | Villager (Male) |
| 13:43 | Create | Villager (Male) |
| 13:44 | Create | Villager (Male) |
| 13:45 | Create | Villager (Male) |
| 13:45 | Create | Villager (Male) |
| 13:46 | Create | Villager (Male) |
| 13:56 | Build | Farm |
| 13:58 | Build | Farm |
| 14:00 | Build | Farm |
| 14:01 | Build | Farm |
| 14:03 | Build | Farm |
| 14:04 | Build | Farm |
| 14:05 | Build | Farm |
| 14:06 | Build | Farm |
| 14:09 | Build | Farm |
| 14:11 | Build | Farm |
| 14:13 | Build | Farm |
| 14:14 | Build | Farm |
| 14:31 | Build | Farm |
| 14:39 | Build | Farm |
| 15:01 | Build | Farm |
| 15:30 | Build | Farm |
| 15:35 | Create | Villager (Male) |
| 16:00 | Build | Market |
| 16:11 | Create | Villager (Male) |
| 16:22 | Build | Mill |
| 16:25 | Build | Farm |
| 16:51 | Build | Farm |
| 16:58 | Create | Villager (Male) |
| 17:00 | Create | Villager (Male) |
| 17:06 | Build | Farm |
| 17:11 | Create | Villager (Male) |
| 17:34 | Build | Blacksmith |
| 17:37 | Build | House |
| 17:47 | Create | Villager (Male) |
| 17:56 | Build | House |
| 17:57 | Build | House |
| 18:04 | Build | Farm |
| 18:23 | Build | Farm |
| 18:34 | Research | Castle Age |
| 19:00 | Build | Barracks |
| 19:07 | Build | House |
| 19:08 | Build | House |
| 19:12 | Build | House |
| 19:14 | Build | House |
| 19:16 | Build | House |
| 19:22 | Build | House |
| 19:27 | Build | House |
| 20:49 | Build | Stable |
| 21:23 | Age | Castle Age |
| 21:31 | Research | Heavy Plow |
| 21:37 | Build | Lumber Camp |
| 21:44 | Build | Lumber Camp |
| 21:55 | Build | House |
| 21:56 | Build | House |
| 21:57 | Build | House |
| 21:58 | Build | House |
| 21:58 | Build | House |
| 21:59 | Build | House |
| 22:05 | Research | Bow Saw |
| 22:07 | Create | Villager (Male) |
| 22:07 | Create | Villager (Male) |
| 22:07 | Create | Villager (Male) |
| 22:17 | Build | Stable |
| 22:32 | Build | Castle |
| 22:48 | Build | Town Center |
| 22:59 | Create | Villager (Male) |
| 23:17 | Research | Bloodlines |
| 23:21 | Research | Husbandry |
| 23:30 | Research | Scale Barding Armor |
| 23:31 | Research | Forging |
| 23:33 | Research | Scale Mail Armor |
| 23:50 | Build | Town Center |
| 23:58 | Create | Villager (Male) |
| 23:58 | Create | Villager (Male) |
| 23:58 | Create | Villager (Male) |
| 24:00 | Create | Villager (Male) |
| 24:08 | Create | Trade Cart |
| 24:29 | Build | Farm |
| 24:58 | Create | Villager (Male) ×5 |
| 25:03 | Build | Farm |
| 25:11 | Create | Villager (Male) |
| 25:15 | Build | Farm |
| 25:26 | Create | Trade Cart |
| 25:45 | Build | House |
| 25:46 | Build | House |
| 25:47 | Build | House |
| 25:48 | Build | House |
| 25:49 | Build | House |
| 25:51 | Build | House |
| 25:52 | Build | House |
| 25:57 | Build | Farm |
| 26:11 | Build | Farm |
| 26:19 | Create | Villager (Male) ×5 |
| 26:20 | Create | Villager (Male) ×5 |
| 26:25 | Research | Wheelbarrow |
| 26:46 | Build | Mining Camp |
| 26:49 | Create | Villager (Male) |
| 26:50 | Create | Villager (Male) |
| 26:50 | Create | Villager (Male) |
| 26:51 | Create | Villager (Male) |
| 27:09 | Build | Stable |
| 27:11 | Build | Stable |
| 27:29 | Build | Stable |
| 27:41 | Build | Farm |
| 27:44 | Build | Farm |
| 27:51 | Create | Villager (Male) ×5 |
| 28:14 | Create | Villager (Male) |
Build order — Vantokk
First 150 of 266 actions detected
| 0:01 | Create | Villager (Male) |
| 0:01 | Create | Villager (Male) |
| 0:02 | Build | House |
| 0:03 | Build | House |
| 0:18 | Create | Villager (Male) |
| 0:21 | Research | Loom |
| 0:24 | Create | Villager (Male) ×3 |
| 1:19 | Build | Palisade Wall |
| 1:29 | Create | Villager (Male) |
| 1:30 | Create | Villager (Male) |
| 2:37 | Create | Villager (Male) |
| 2:37 | Create | Villager (Male) |
| 2:44 | Create | Villager (Male) |
| 2:44 | Create | Villager (Male) |
| 2:55 | Build | House |
| 2:56 | Build | House |
| 2:57 | Build | House |
| 3:00 | Build | House |
| 3:20 | Create | Villager (Male) |
| 4:13 | Create | Villager (Male) |
| 4:13 | Create | Villager (Male) |
| 4:14 | Create | Villager (Male) |
| 4:56 | Build | House |
| 5:01 | Build | House |
| 5:05 | Build | House |
| 5:07 | Create | Villager (Male) |
| 5:08 | Create | Villager (Male) |
| 5:08 | Create | Villager (Male) |
| 5:54 | Create | Villager (Male) |
| 6:08 | Create | Villager (Male) |
| 6:08 | Create | Villager (Male) |
| 6:34 | Build | Lumber Camp |
| 6:46 | Create | Villager (Male) |
| 6:46 | Create | Villager (Male) |
| 7:14 | Create | Villager (Male) |
| 7:19 | Build | Lumber Camp |
| 7:46 | Create | Villager (Male) |
| 8:07 | Create | Villager (Male) |
| 8:07 | Create | Villager (Male) |
| 8:23 | Build | Mill |
| 8:43 | Build | Mining Camp |
| 8:56 | Build | Farm |
| 9:14 | Create | Villager (Male) |
| 9:42 | Research | Feudal Age |
| 9:42 | Research | Feudal Age |
| 9:51 | Build | Farm |
| 9:53 | Build | Farm |
| 9:55 | Build | Farm |
| 10:54 | Create | Villager (Male) |
| 10:54 | Create | Villager (Male) |
| 10:54 | Create | Villager (Male) |
| 10:54 | Create | Villager (Male) |
| 11:12 | Build | Mill |
| 11:53 | Age | Feudal Age |
| 12:18 | Create | Villager (Male) |
| 12:18 | Create | Villager (Male) |
| 12:23 | Build | Farm |
| 12:45 | Build | Market |
| 12:51 | Build | Blacksmith |
| 13:00 | Build | Farm |
| 13:21 | Build | Lumber Camp |
| 13:40 | Create | Villager (Male) |
| 13:43 | Create | Villager (Male) |
| 14:13 | Build | Farm |
| 14:22 | Research | Double-Bit Axe |
| 14:25 | Research | Horse Collar |
| 14:48 | Create | Villager (Male) |
| 15:08 | Create | Villager (Male) |
| 15:36 | Create | Villager (Male) |
| 15:44 | Build | Farm |
| 16:05 | Research | Castle Age |
| 16:05 | Research | Castle Age |
| 16:11 | Build | Farm |
| 16:12 | Build | Farm |
| 16:13 | Build | Farm |
| 16:14 | Build | Farm |
| 16:24 | Build | Mining Camp |
| 16:25 | Research | Stone Mining |
| 16:41 | Build | Stone Wall |
| 17:15 | Create | Villager (Male) |
| 17:16 | Create | Villager (Male) |
| 17:17 | Create | Villager (Male) |
| 17:58 | Build | Outpost |
| 18:08 | Build | Stone Wall |
| 18:12 | Create | Villager (Male) |
| 18:12 | Create | Villager (Male) |
| 18:45 | Age | Castle Age |
| 18:48 | Build | Town Center |
| 18:52 | Research | Heavy Plow |
| 18:55 | Research | Bow Saw |
| 18:57 | Research | Stone Shaft Mining |
| 19:11 | Build | Stone Wall |
| 19:23 | Create | Villager (Male) ×4 |
| 19:32 | Build | Town Center |
| 19:55 | Create | Villager (Male) ×3 |
| 20:01 | Create | Villager (Male) ×5 |
| 20:01 | Create | Villager (Male) ×5 |
| 20:20 | Build | Stone Wall |
| 20:34 | Research | Gold Mining |
| 20:36 | Build | Farm |
| 20:47 | Create | Villager (Male) |
| 21:03 | Build | Town Center |
| 21:14 | Build | Stone Wall |
| 21:29 | Research | Wheelbarrow |
| 21:38 | Build | Farm |
| 21:39 | Build | Farm |
| 21:41 | Build | Farm |
| 21:42 | Build | Farm |
| 21:47 | Build | Farm |
| 22:22 | Research | Town Watch |
| 22:23 | Create | Villager (Male) ×4 |
| 22:23 | Create | Villager (Male) ×4 |
| 23:03 | Build | Farm |
| 23:04 | Build | Farm |
| 23:05 | Build | Farm |
| 23:07 | Build | Farm |
| 23:13 | Create | Villager (Male) ×5 |
| 23:16 | Build | Farm |
| 23:18 | Build | Farm |
| 23:37 | Build | Stone Wall |
| 23:48 | Build | Farm |
| 24:06 | Create | Villager (Male) ×5 |
| 24:24 | Build | Gate |
| 24:37 | Research | Gold Shaft Mining |
| 24:46 | Build | Mining Camp |
| 24:50 | Research | Hand Cart |
| 24:52 | Create | Villager (Male) ×5 |
| 25:06 | Build | House |
| 25:07 | Build | House |
| 25:08 | Build | House |
| 25:14 | Build | House |
| 25:14 | Build | House |
| 25:15 | Build | House |
| 25:16 | Build | House |
| 25:17 | Build | House |
| 25:18 | Build | House |
| 25:22 | Build | Mining Camp |
| 25:29 | Build | Mining Camp |
| 25:40 | Build | Mining Camp |
| 25:51 | Create | Villager (Male) ×5 |
| 25:51 | Create | Villager (Male) ×5 |
| 25:51 | Create | Villager (Male) ×5 |
| 25:52 | Create | Villager (Male) ×5 |
| 26:36 | Build | Castle |
| 26:52 | Research | Town Patrol |
| 26:53 | Create | Villager (Male) ×5 |
| 27:03 | Create | Trade Cart ×4 |
| 27:23 | Research | Fletching |
| 27:24 | Research | Padded Archer Armor |
| 27:42 | Build | Lumber Camp |
Build order — marcelosarto
First 150 of 302 actions detected
| 0:04 | Research | Loom |
| 0:04 | Research | Loom |
| 0:05 | Create | Villager (Male) |
| 0:05 | Create | Villager (Male) |
| 0:05 | Create | Villager (Male) |
| 0:06 | Create | Villager (Male) |
| 0:06 | Create | Villager (Male) |
| 0:09 | Build | House |
| 0:11 | Build | House |
| 1:36 | Create | Villager (Male) |
| 1:36 | Create | Villager (Male) |
| 3:10 | Build | Lumber Camp |
| 3:12 | Create | Villager (Male) |
| 3:12 | Create | Villager (Male) |
| 3:13 | Create | Villager (Male) |
| 3:13 | Create | Villager (Male) |
| 3:33 | Create | Villager (Male) |
| 3:34 | Create | Villager (Male) |
| 4:28 | Build | Palisade Wall |
| 4:35 | Build | Palisade Gate |
| 4:41 | Build | Palisade Wall |
| 4:46 | Build | Palisade Wall |
| 4:53 | Build | Palisade Wall |
| 5:07 | Create | Villager (Male) |
| 5:07 | Create | Villager (Male) |
| 5:33 | Create | Villager (Male) |
| 5:33 | Create | Villager (Male) |
| 5:33 | Create | Villager (Male) |
| 5:42 | Build | Mill |
| 5:52 | Build | House |
| 6:34 | Create | Villager (Male) |
| 6:35 | Create | Villager (Male) |
| 6:49 | Build | House |
| 7:10 | Create | Villager (Male) |
| 7:10 | Create | Villager (Male) |
| 7:25 | Build | Mill |
| 7:56 | Create | Villager (Male) |
| 9:01 | Create | Villager (Male) |
| 9:01 | Create | Villager (Male) |
| 9:02 | Create | Villager (Male) |
| 9:02 | Create | Villager (Male) |
| 9:04 | Create | Villager (Male) |
| 9:30 | Build | House |
| 9:34 | Build | Lumber Camp |
| 10:07 | Build | Farm |
| 10:09 | Build | Farm |
| 10:11 | Build | Farm |
| 10:14 | Build | Farm |
| 10:15 | Build | Farm |
| 11:02 | Build | Mining Camp |
| 11:19 | Research | Feudal Age |
| 11:44 | Create | Villager (Male) |
| 11:45 | Create | Villager (Male) |
| 11:45 | Create | Villager (Male) |
| 11:45 | Create | Villager (Male) |
| 13:29 | Age | Feudal Age |
| 13:44 | Build | Market |
| 14:00 | Build | Blacksmith |
| 14:07 | Build | Mining Camp |
| 14:49 | Build | House |
| 14:56 | Create | Villager (Male) |
| 15:33 | Build | Gate |
| 15:39 | Build | Stone Wall |
| 15:40 | Build | Stone Wall |
| 15:44 | Build | Stone Wall |
| 15:48 | Build | Stone Wall |
| 16:00 | Research | Castle Age |
| 16:05 | Build | House |
| 17:04 | Build | Farm |
| 17:16 | Build | Farm |
| 17:48 | Research | Double-Bit Axe |
| 18:14 | Build | Farm |
| 18:20 | Build | Farm |
| 18:21 | Build | Farm |
| 18:23 | Build | Farm |
| 18:31 | Research | Horse Collar |
| 18:40 | Age | Castle Age |
| 18:48 | Build | Town Center |
| 18:58 | Build | Town Center |
| 19:05 | Create | Villager (Male) ×5 |
| 19:25 | Build | Monastery |
| 19:33 | Build | Farm |
| 19:43 | Build | Farm |
| 19:58 | Build | Farm |
| 20:08 | Build | Farm |
| 20:21 | Create | Villager (Male) |
| 20:21 | Create | Villager (Male) |
| 20:22 | Create | Villager (Male) |
| 20:24 | Create | Villager (Male) |
| 20:26 | Create | Villager (Male) |
| 20:26 | Create | Villager (Male) |
| 20:27 | Create | Villager (Male) |
| 20:29 | Create | Villager (Male) |
| 20:36 | Create | Villager (Male) |
| 20:36 | Create | Villager (Male) |
| 20:36 | Create | Villager (Male) |
| 20:43 | Create | Monk |
| 21:15 | Build | Siege Workshop |
| 21:57 | Build | House |
| 22:04 | Build | House |
| 22:11 | Create | Monk |
| 22:23 | Create | Mangonel |
| 22:24 | Create | Mangonel |
| 22:33 | Create | Villager (Male) ×5 |
| 22:42 | Build | House |
| 23:17 | Build | Castle |
| 23:57 | Build | House |
| 24:01 | Create | Monk |
| 24:25 | Create | Villager (Male) ×5 |
| 24:34 | Build | Farm |
| 24:35 | Build | Farm |
| 24:36 | Build | Farm |
| 24:39 | Build | Farm |
| 24:41 | Build | Farm |
| 24:43 | Build | Farm |
| 24:44 | Build | Farm |
| 24:46 | Build | Farm |
| 24:47 | Build | Farm |
| 24:49 | Build | Farm |
| 24:53 | Create | Villager (Male) ×5 |
| 25:10 | Build | University |
| 25:29 | Create | Villager (Male) ×5 |
| 25:36 | Build | Farm |
| 25:37 | Build | Farm |
| 25:39 | Build | Farm |
| 25:40 | Build | Farm |
| 25:42 | Build | Farm |
| 25:43 | Build | Farm |
| 25:45 | Build | Farm |
| 25:47 | Build | Farm |
| 25:53 | Create | Villager (Male) ×5 |
| 26:33 | Build | Barracks |
| 26:42 | Create | Villager (Male) ×5 |
| 27:38 | Build | Barracks |
| 27:50 | Build | Town Center |
| 27:56 | Build | Farm |
| 27:57 | Build | Farm |
| 27:58 | Build | Farm |
| 28:00 | Build | Farm |
| 28:01 | Build | Farm |
| 28:03 | Build | Farm |
| 28:04 | Build | Farm |
| 28:07 | Build | Farm |
| 28:08 | Build | Farm |
| 28:10 | Build | Farm |
| 28:11 | Build | Farm |
| 28:14 | Create | Villager (Male) ×5 |
| 28:44 | Build | Stone Wall |
| 29:12 | Build | Gate |
| 29:33 | Build | Town Center |
Build order — Amarena
First 150 of 368 actions detected
| 0:03 | Create | Villager (Male) |
| 0:03 | Create | Villager (Male) |
| 0:04 | Build | House |
| 0:06 | Build | House |
| 0:36 | Build | House |
| 0:38 | Build | House |
| 0:39 | Create | Villager (Male) |
| 0:40 | Create | Villager (Male) |
| 0:41 | Create | Villager (Male) |
| 0:42 | Research | Loom |
| 1:59 | Build | Palisade Wall |
| 3:08 | Create | Villager (Male) |
| 3:09 | Create | Villager (Male) |
| 3:09 | Create | Villager (Male) |
| 3:09 | Create | Villager (Male) |
| 3:10 | Create | Villager (Male) |
| 3:59 | Create | Villager (Male) |
| 3:59 | Create | Villager (Male) |
| 3:59 | Create | Villager (Male) |
| 5:37 | Create | Villager (Male) |
| 5:37 | Create | Villager (Male) |
| 5:39 | Create | Villager (Male) |
| 5:40 | Create | Villager (Male) |
| 5:40 | Create | Villager (Male) |
| 6:09 | Create | Villager (Male) |
| 6:09 | Create | Villager (Male) |
| 6:10 | Create | Villager (Male) |
| 6:11 | Create | Villager (Male) |
| 6:55 | Create | Villager (Male) |
| 6:55 | Create | Villager (Male) |
| 7:38 | Build | Lumber Camp |
| 7:41 | Create | Villager (Male) |
| 8:58 | Build | Mill |
| 9:03 | Create | Villager (Male) |
| 9:39 | Research | Feudal Age |
| 9:40 | Create | Villager (Male) |
| 10:15 | Build | Palisade Wall |
| 10:17 | Build | Palisade Wall |
| 10:34 | Build | Mining Camp |
| 10:56 | Build | Palisade Wall |
| 11:49 | Age | Feudal Age |
| 12:03 | Build | Watch Tower |
| 12:08 | Build | House |
| 12:11 | Build | House |
| 12:13 | Build | House |
| 12:14 | Build | House |
| 12:27 | Create | Villager (Male) |
| 12:36 | Create | Villager (Male) |
| 12:42 | Build | House |
| 13:37 | Build | Stone Wall |
| 13:53 | Create | Villager (Male) |
| 13:54 | Create | Villager (Male) |
| 14:00 | Build | Blacksmith |
| 14:21 | Build | Mining Camp |
| 14:23 | Create | Villager (Male) |
| 14:35 | Research | Double-Bit Axe |
| 14:57 | Build | Market |
| 15:13 | Create | Villager (Male) |
| 16:21 | Build | Stone Wall |
| 16:31 | Build | Gate |
| 16:39 | Build | Stone Wall |
| 16:47 | Create | Villager (Male) |
| 16:47 | Create | Villager (Male) |
| 16:56 | Build | Farm |
| 16:56 | Build | Farm |
| 17:23 | Build | Farm |
| 17:55 | Build | Stone Wall |
| 18:06 | Create | Villager (Male) |
| 18:10 | Build | Farm |
| 18:11 | Build | Farm |
| 18:12 | Build | Farm |
| 18:13 | Build | Farm |
| 18:21 | Build | Farm |
| 18:22 | Research | Fletching |
| 18:48 | Build | Farm |
| 19:09 | Create | Villager (Male) |
| 19:11 | Create | Villager (Male) |
| 19:29 | Build | Barracks |
| 19:38 | Build | Farm |
| 19:42 | Build | Farm |
| 19:46 | Build | Farm |
| 20:27 | Build | Archery Range |
| 20:31 | Create | Villager (Male) |
| 21:00 | Create | Villager (Male) |
| 21:06 | Build | Farm |
| 21:25 | Build | Lumber Camp |
| 21:40 | Research | Castle Age |
| 21:47 | Research | Gold Mining |
| 21:59 | Create | Spearman |
| 22:10 | Research | Horse Collar |
| 23:24 | Create | Trade Cart |
| 23:54 | Create | Villager (Male) |
| 24:20 | Age | Castle Age |
| 24:22 | Build | Siege Workshop |
| 24:25 | Create | Villager (Male) |
| 24:32 | Build | Town Center |
| 24:43 | Create | Villager (Male) |
| 24:43 | Create | Villager (Male) |
| 25:17 | Create | Villager (Male) |
| 25:42 | Create | Battering Ram |
| 25:50 | Research | Bodkin Arrow |
| 25:51 | Create | Villager (Male) |
| 25:53 | Create | Villager (Male) |
| 26:03 | Research | Stone Mining |
| 26:13 | Create | Fire Lancer |
| 26:35 | Create | Fire Lancer |
| 26:47 | Build | Town Center |
| 27:04 | Create | Fire Lancer |
| 27:15 | Research | Wheelbarrow |
| 27:18 | Create | Villager (Male) |
| 27:18 | Create | Villager (Male) |
| 27:22 | Build | Farm |
| 27:22 | Build | Farm |
| 27:23 | Build | Farm |
| 28:20 | Create | Villager (Male) |
| 28:20 | Create | Villager (Male) |
| 28:20 | Create | Villager (Male) |
| 28:21 | Create | Villager (Male) |
| 28:22 | Create | Villager (Male) |
| 28:26 | Create | Villager (Male) |
| 28:27 | Create | Villager (Male) |
| 29:07 | Build | House |
| 29:07 | Build | House |
| 29:09 | Build | House |
| 29:33 | Build | Castle |
| 29:39 | Build | House |
| 29:40 | Build | House |
| 29:41 | Build | House |
| 29:46 | Create | Trade Cart |
| 29:50 | Research | Caravan |
| 29:54 | Create | Villager (Male) |
| 29:55 | Create | Villager (Male) |
| 30:02 | Build | Monastery |
| 30:07 | Research | Hand Cart |
| 30:09 | Create | Villager (Male) |
| 30:09 | Create | Villager (Male) |
| 30:17 | Build | Farm |
| 30:18 | Build | Farm |
| 30:58 | Create | Trade Cart |
| 31:08 | Build | University |
| 31:10 | Build | Farm |
| 31:11 | Build | Farm |
| 31:12 | Create | Villager (Male) |
| 31:14 | Create | Villager (Male) |
| 31:16 | Create | Villager (Male) |
| 31:20 | Build | Farm |
| 31:21 | Build | Farm |
| 31:22 | Build | Farm |
| 31:22 | Build | Farm |
| 31:52 | Build | Mining Camp |
Build order — CristianJSE
First 150 of 468 actions detected
| 0:02 | Create | Villager (Male) |
| 0:02 | Create | Villager (Male) |
| 0:02 | Create | Villager (Male) |
| 0:02 | Create | Villager (Male) |
| 0:03 | Create | Villager (Male) |
| 0:05 | Build | House |
| 0:06 | Build | House |
| 0:26 | Research | Loom |
| 0:43 | Create | Villager (Male) |
| 0:43 | Create | Villager (Male) |
| 0:43 | Create | Villager (Male) |
| 0:44 | Create | Villager (Male) |
| 0:44 | Create | Villager (Male) |
| 0:44 | Create | Villager (Male) |
| 1:16 | Build | Palisade Wall |
| 2:16 | Build | Palisade Wall |
| 2:37 | Create | Villager (Male) |
| 3:49 | Build | Palisade Wall |
| 4:17 | Create | Villager (Male) |
| 4:17 | Create | Villager (Male) |
| 4:17 | Create | Villager (Male) |
| 4:17 | Create | Villager (Male) |
| 5:05 | Build | Palisade Wall |
| 5:09 | Create | Villager (Male) |
| 5:10 | Create | Villager (Male) |
| 5:10 | Create | Villager (Male) |
| 5:40 | Create | Villager (Male) |
| 5:40 | Create | Villager (Male) |
| 5:40 | Create | Villager (Male) |
| 5:45 | Create | Villager (Male) |
| 6:27 | Create | Villager (Male) |
| 6:27 | Create | Villager (Male) |
| 6:50 | Create | Villager (Male) |
| 6:51 | Create | Villager (Male) |
| 6:51 | Create | Villager (Male) |
| 7:05 | Build | House |
| 7:19 | Build | Lumber Camp |
| 7:21 | Create | Villager (Male) |
| 7:21 | Create | Villager (Male) |
| 7:21 | Create | Villager (Male) |
| 7:57 | Build | Palisade Wall |
| 8:05 | Create | Villager (Male) |
| 8:32 | Build | House |
| 8:37 | Create | Villager (Male) |
| 8:37 | Create | Villager (Male) |
| 8:37 | Create | Villager (Male) |
| 8:37 | Create | Villager (Male) |
| 8:54 | Create | Villager (Male) |
| 8:54 | Create | Villager (Male) |
| 8:55 | Create | Villager (Male) |
| 9:13 | Build | Palisade Wall |
| 9:14 | Build | Palisade Wall |
| 9:40 | Build | House |
| 9:44 | Build | Palisade Wall |
| 9:46 | Build | Palisade Wall |
| 9:55 | Create | Villager (Male) |
| 9:55 | Create | Villager (Male) |
| 9:56 | Create | Villager (Male) |
| 9:56 | Create | Villager (Male) |
| 10:09 | Create | Villager (Male) |
| 10:09 | Create | Villager (Male) |
| 10:09 | Create | Villager (Male) |
| 10:09 | Create | Villager (Male) |
| 10:16 | Build | Mill |
| 10:39 | Build | Palisade Wall |
| 11:41 | Create | Villager (Male) |
| 11:41 | Create | Villager (Male) |
| 11:41 | Create | Villager (Male) |
| 12:10 | Build | Palisade Wall |
| 12:32 | Build | Palisade Wall |
| 12:58 | Build | Palisade Wall |
| 13:08 | Create | Villager (Male) |
| 13:08 | Create | Villager (Male) |
| 13:09 | Create | Villager (Male) |
| 13:09 | Create | Villager (Male) |
| 13:09 | Create | Villager (Male) |
| 13:24 | Build | Palisade Wall |
| 13:50 | Build | Lumber Camp |
| 14:35 | Create | Villager (Male) |
| 14:35 | Create | Villager (Male) |
| 14:35 | Create | Villager (Male) |
| 14:36 | Create | Villager (Male) |
| 14:36 | Create | Villager (Male) |
| 14:36 | Create | Villager (Male) |
| 14:47 | Build | Palisade Wall |
| 15:18 | Build | Palisade Wall |
| 15:34 | Create | Villager (Male) |
| 15:42 | Build | Farm |
| 16:30 | Build | Palisade Wall |
| 17:41 | Build | Mill |
| 17:56 | Research | Feudal Age |
| 18:12 | Build | Farm |
| 18:13 | Build | Farm |
| 18:13 | Build | Farm |
| 18:14 | Build | Farm |
| 18:15 | Build | Farm |
| 18:53 | Build | House |
| 20:06 | Age | Feudal Age |
| 20:14 | Build | Watch Tower |
| 20:24 | Build | Blacksmith |
| 20:43 | Build | Watch Tower |
| 20:51 | Research | Wheelbarrow |
| 21:02 | Build | Mining Camp |
| 21:09 | Build | Lumber Camp |
| 21:45 | Research | Fletching |
| 22:02 | Create | Villager (Male) |
| 22:03 | Create | Villager (Male) |
| 22:21 | Build | Blacksmith |
| 22:44 | Build | Market |
| 23:11 | Create | Villager (Male) |
| 23:18 | Research | Gold Mining |
| 23:43 | Create | Villager (Male) |
| 23:56 | Research | Castle Age |
| 24:20 | Build | Stone Wall |
| 24:40 | Build | Mining Camp |
| 26:02 | Research | Double-Bit Axe |
| 26:05 | Research | Gold Mining |
| 26:30 | Build | Stone Wall |
| 26:48 | Age | Castle Age |
| 26:59 | Build | Siege Workshop |
| 27:42 | Research | Hand Cart |
| 27:57 | Research | Bow Saw |
| 28:13 | Build | Farm |
| 28:14 | Build | Farm |
| 28:15 | Build | Farm |
| 28:38 | Build | Farm |
| 28:54 | Build | Town Center |
| 29:03 | Research | Stone Mining |
| 29:20 | Create | Villager (Male) |
| 29:20 | Create | Villager (Male) |
| 29:20 | Create | Villager (Male) |
| 29:21 | Create | Villager (Male) |
| 29:27 | Build | House |
| 29:28 | Build | House |
| 29:29 | Build | House |
| 29:40 | Research | Town Watch |
| 29:56 | Research | Horse Collar |
| 30:34 | Build | Siege Workshop |
| 30:35 | Create | Villager (Male) |
| 30:35 | Create | Villager (Male) |
| 30:36 | Create | Villager (Male) |
| 31:02 | Create | Villager (Male) |
| 31:14 | Build | House |
| 31:14 | Build | House |
| 31:15 | Build | House |
| 31:15 | Build | House |
| 31:15 | Build | House |
| 31:15 | Build | House |
| 31:16 | Build | House |
| 31:16 | Build | House |
Build order — Kanzaki
First 150 of 209 actions detected
| 0:05 | Research | Loom |
| 0:07 | Build | House |
| 1:55 | Create | Villager (Male) |
| 1:55 | Create | Villager (Male) |
| 1:56 | Create | Villager (Male) |
| 1:56 | Create | Villager (Male) |
| 1:56 | Create | Villager (Male) |
| 2:39 | Create | Villager (Male) |
| 2:40 | Create | Villager (Male) |
| 4:04 | Create | Villager (Male) |
| 4:05 | Create | Villager (Male) |
| 4:07 | Create | Villager (Male) |
| 4:07 | Create | Villager (Male) |
| 4:36 | Build | House |
| 4:43 | Build | Palisade Wall |
| 5:32 | Create | Villager (Male) |
| 5:32 | Create | Villager (Male) |
| 5:33 | Create | Villager (Male) |
| 6:57 | Build | House |
| 7:15 | Create | Villager (Male) |
| 7:15 | Create | Villager (Male) |
| 7:38 | Build | Lumber Camp |
| 8:00 | Create | Villager (Male) |
| 8:00 | Create | Villager (Male) |
| 8:34 | Create | Villager (Male) |
| 8:34 | Create | Villager (Male) |
| 9:14 | Build | House |
| 9:41 | Build | Mill |
| 10:37 | Research | Feudal Age |
| 11:16 | Build | Mining Camp |
| 11:57 | Create | Villager (Male) |
| 12:06 | Build | Mining Camp |
| 12:47 | Age | Feudal Age |
| 13:04 | Build | Donjon |
| 13:10 | Create | Villager (Male) |
| 13:10 | Create | Villager (Male) |
| 13:17 | Build | House |
| 13:22 | Research | Stone Mining |
| 13:59 | Build | House |
| 14:04 | Research | Double-Bit Axe |
| 14:06 | Research | Gold Mining |
| 14:09 | Create | Villager (Male) |
| 14:09 | Create | Villager (Male) |
| 15:11 | Create | Serjeant |
| 15:26 | Create | Serjeant |
| 15:33 | Build | Farm |
| 15:33 | Build | Farm |
| 15:34 | Build | Farm |
| 15:34 | Build | Farm |
| 15:34 | Build | Farm |
| 15:45 | Create | Villager (Male) |
| 15:45 | Create | Villager (Male) |
| 16:07 | Create | Serjeant |
| 16:17 | Build | Donjon |
| 16:39 | Create | Villager (Male) |
| 16:39 | Create | Villager (Male) |
| 17:27 | Create | Serjeant |
| 17:27 | Create | Serjeant |
| 17:52 | Build | Donjon |
| 18:10 | Create | Villager (Male) |
| 18:11 | Create | Villager (Male) |
| 18:15 | Build | House |
| 18:17 | Build | House |
| 18:17 | Build | House |
| 18:25 | Create | Serjeant |
| 19:02 | Create | Serjeant |
| 19:03 | Create | Serjeant |
| 19:11 | Build | House |
| 19:25 | Build | Farm |
| 19:29 | Create | Villager (Male) |
| 19:29 | Create | Villager (Male) |
| 20:35 | Build | Palisade Wall |
| 20:47 | Build | Donjon |
| 20:56 | Build | Blacksmith |
| 21:04 | Create | Villager (Male) |
| 21:04 | Create | Villager (Male) |
| 21:05 | Create | Villager (Male) |
| 21:05 | Create | Villager (Male) |
| 21:13 | Create | Serjeant |
| 21:13 | Create | Serjeant |
| 21:58 | Research | Fletching |
| 23:28 | Create | Serjeant |
| 23:28 | Create | Serjeant |
| 23:29 | Create | Serjeant |
| 23:29 | Create | Serjeant |
| 23:29 | Create | Serjeant |
| 23:30 | Create | Serjeant |
| 23:46 | Build | Market |
| 24:24 | Build | Farm |
| 24:24 | Build | Farm |
| 24:24 | Build | Farm |
| 24:25 | Build | Farm |
| 24:26 | Build | Farm |
| 24:26 | Build | Farm |
| 24:27 | Build | Farm |
| 24:32 | Build | Farm |
| 24:45 | Research | Forging |
| 24:53 | Build | Barracks |
| 25:46 | Research | Arson |
| 25:51 | Research | Scale Mail Armor |
| 26:11 | Research | Castle Age |
| 26:20 | Build | Farm |
| 26:20 | Build | Farm |
| 26:31 | Research | Horse Collar |
| 27:12 | Build | Farm |
| 27:41 | Create | Serjeant |
| 27:41 | Create | Serjeant |
| 27:41 | Create | Serjeant |
| 27:42 | Create | Serjeant |
| 27:50 | Create | Villager (Male) |
| 27:50 | Create | Villager (Male) |
| 28:27 | Build | House |
| 28:30 | Build | House |
| 28:31 | Build | House |
| 28:31 | Build | House |
| 28:35 | Create | Serjeant |
| 28:35 | Create | Serjeant |
| 28:51 | Age | Castle Age |
| 28:52 | Build | Siege Workshop |
| 29:05 | Research | Chain Mail Armor |
| 29:16 | Create | Serjeant ×2 |
| 29:24 | Build | Castle |
| 29:31 | Create | Battering Ram |
| 29:33 | Create | Battering Ram |
| 29:56 | Research | Gold Shaft Mining |
| 30:00 | Create | Villager (Male) |
| 30:10 | Build | Farm |
| 30:13 | Build | Farm |
| 31:22 | Create | Serjeant ×5 |
| 31:30 | Research | Iron Casting |
| 31:37 | Create | Serjeant |
| 32:19 | Create | Battering Ram |
| 33:10 | Create | Battering Ram |
| 33:10 | Create | Battering Ram |
| 33:19 | Build | Farm |
| 33:27 | Build | Lumber Camp |
| 33:29 | Build | Lumber Camp |
| 33:44 | Create | Battering Ram |
| 33:55 | Create | Serjeant |
| 33:56 | Create | Serjeant |
| 34:05 | Build | Stable |
| 34:15 | Build | Mining Camp |
| 34:19 | Research | Wheelbarrow |
| 34:20 | Create | Villager (Male) |
| 34:20 | Create | Villager (Male) |
| 35:07 | Build | University |
| 35:20 | Create | Trade Cart |
| 35:20 | Create | Trade Cart |
| 35:38 | Create | Battering Ram |
| 35:47 | Build | Castle |
Build order — SilverBullet
First 150 of 366 actions detected
| 0:03 | Create | Villager (Male) ×4 |
| 0:03 | Create | Villager (Male) ×4 |
| 0:06 | Build | House |
| 0:12 | Build | House |
| 0:46 | Build | Mill |
| 1:47 | Create | Villager (Male) |
| 1:47 | Create | Villager (Male) |
| 2:27 | Create | Villager (Male) |
| 2:27 | Create | Villager (Male) |
| 3:17 | Create | Villager (Male) |
| 3:18 | Create | Villager (Male) |
| 3:18 | Create | Villager (Male) |
| 3:40 | Create | Villager (Male) |
| 3:41 | Create | Villager (Male) |
| 3:43 | Create | Villager (Male) |
| 3:43 | Create | Villager (Male) |
| 3:56 | Build | House |
| 4:03 | Build | House |
| 4:12 | Create | Villager (Male) |
| 4:12 | Create | Villager (Male) |
| 4:31 | Create | Villager (Male) |
| 4:32 | Create | Villager (Male) |
| 4:32 | Create | Villager (Male) |
| 4:48 | Create | Villager (Male) |
| 4:48 | Create | Villager (Male) |
| 5:36 | Create | Villager (Male) |
| 6:12 | Create | Villager (Male) |
| 6:18 | Create | Villager (Male) |
| 6:40 | Create | Villager (Male) |
| 7:10 | Build | Mill |
| 7:38 | Build | Lumber Camp |
| 7:54 | Create | Villager (Male) |
| 8:27 | Create | Villager (Male) |
| 8:34 | Build | House |
| 8:52 | Create | Villager (Male) |
| 9:18 | Build | Mining Camp |
| 9:23 | Create | Villager (Male) |
| 9:53 | Create | Villager (Male) |
| 9:56 | Research | Feudal Age |
| 9:56 | Research | Feudal Age |
| 12:06 | Age | Feudal Age |
| 12:20 | Create | Villager (Male) |
| 12:21 | Create | Villager (Male) |
| 12:27 | Build | Lumber Camp |
| 12:29 | Create | Villager (Male) |
| 12:30 | Create | Villager (Male) |
| 13:12 | Create | Villager (Male) |
| 13:16 | Research | Double-Bit Axe |
| 13:17 | Research | Double-Bit Axe |
| 13:19 | Research | Horse Collar |
| 13:19 | Research | Horse Collar |
| 13:23 | Create | Villager (Male) |
| 13:37 | Create | Villager (Male) |
| 13:37 | Create | Villager (Male) |
| 13:54 | Build | Barracks |
| 14:02 | Research | Loom |
| 14:18 | Create | Villager (Male) |
| 14:55 | Create | Villager (Male) |
| 15:13 | Create | Villager (Male) |
| 15:20 | Build | House |
| 15:29 | Build | House |
| 15:31 | Build | House |
| 15:32 | Build | House |
| 15:58 | Create | Villager (Male) |
| 16:01 | Build | Farm |
| 16:03 | Create | Villager (Male) |
| 16:42 | Build | Stone Wall |
| 17:31 | Build | Gate |
| 17:38 | Build | Gate |
| 17:48 | Create | Villager (Male) |
| 17:48 | Create | Villager (Male) |
| 17:51 | Build | Farm |
| 17:51 | Build | Farm |
| 17:54 | Build | Farm |
| 17:55 | Build | Farm |
| 17:58 | Build | Farm |
| 18:00 | Build | Farm |
| 18:01 | Build | Farm |
| 18:04 | Build | Farm |
| 19:01 | Build | Stone Wall |
| 19:04 | Create | Villager (Male) |
| 19:07 | Build | Farm |
| 19:08 | Build | Farm |
| 19:09 | Build | Farm |
| 19:18 | Build | Farm |
| 19:20 | Build | Farm |
| 19:24 | Build | Mining Camp |
| 19:31 | Build | Mining Camp |
| 19:38 | Create | Villager (Male) |
| 20:07 | Create | Villager (Male) |
| 20:07 | Create | Villager (Male) |
| 20:12 | Create | Villager (Male) |
| 20:12 | Create | Villager (Male) |
| 20:15 | Create | Villager (Male) |
| 20:25 | Build | Stone Wall |
| 20:30 | Create | Villager (Male) |
| 20:33 | Research | Stone Mining |
| 20:35 | Create | Villager (Male) |
| 20:45 | Build | Lumber Camp |
| 20:49 | Build | Lumber Camp |
| 21:05 | Build | Market |
| 21:32 | Build | Barracks |
| 21:40 | Create | Villager (Male) |
| 21:48 | Create | Villager (Male) |
| 21:48 | Create | Villager (Male) |
| 21:49 | Create | Villager (Male) |
| 21:56 | Build | Blacksmith |
| 22:22 | Build | Farm |
| 22:23 | Build | Farm |
| 22:26 | Build | Farm |
| 22:33 | Build | Farm |
| 22:38 | Build | Mining Camp |
| 22:43 | Create | Trade Cart |
| 22:46 | Research | Castle Age |
| 22:52 | Research | Gold Mining |
| 22:57 | Build | Farm |
| 23:07 | Build | Lumber Camp |
| 23:17 | Build | Stable |
| 23:25 | Research | Fletching |
| 23:46 | Create | Trade Cart |
| 23:47 | Create | Trade Cart |
| 24:18 | Build | Archery Range |
| 24:30 | Research | Wheelbarrow |
| 24:43 | Create | Trade Cart |
| 24:43 | Create | Trade Cart |
| 24:46 | Create | Villager (Male) |
| 25:09 | Build | Archery Range |
| 25:27 | Age | Castle Age |
| 25:39 | Build | Town Center |
| 25:45 | Build | Town Center |
| 26:01 | Research | Bow Saw |
| 26:09 | Create | Trade Cart |
| 26:12 | Research | Gold Shaft Mining |
| 26:30 | Build | House |
| 26:31 | Build | House |
| 26:33 | Build | House |
| 26:43 | Create | Villager (Male) |
| 26:48 | Create | Villager (Male) |
| 26:48 | Create | Villager (Male) |
| 26:52 | Create | Villager (Male) |
| 26:53 | Create | Villager (Male) |
| 26:53 | Create | Villager (Male) |
| 27:06 | Create | Villager (Male) |
| 27:06 | Create | Villager (Male) |
| 27:21 | Build | University |
| 27:30 | Build | House |
| 27:31 | Build | House |
| 27:59 | Build | Castle |
| 28:05 | Research | Hand Cart |
| 28:07 | Create | Villager (Male) |
Match timeline
| 1:16 | CristianJSE · wall_segment Palisade Wall x10 |
| 1:19 | Vantokk · wall_segment Palisade Wall x10 |
| 1:59 | Amarena · wall_segment Palisade Wall x6 |
| 2:00 | Lord Cochrane · wall_segment Palisade Wall x10 |
| 2:16 | CristianJSE · wall_segment Palisade Wall x1 |
| 3:08 | Lord Cochrane · wall_segment Palisade Wall x4 |
| 3:49 | CristianJSE · wall_segment Palisade Wall x14 |
| 4:28 | marcelosarto · wall_segment Palisade Wall x2 |
| 4:41 | marcelosarto · wall_segment Palisade Wall x2 |
| 4:43 | Kanzaki · wall_segment Palisade Wall x10 |
| 4:46 | marcelosarto · wall_segment Palisade Wall x1 |
| 4:53 | marcelosarto · wall_segment Palisade Wall x3 |
| 5:05 | CristianJSE · wall_segment Palisade Wall x11 |
| 7:57 | CristianJSE · wall_segment Palisade Wall x13 |
| 9:13 | CristianJSE · wall_segment Palisade Wall x1 |
| 9:14 | CristianJSE · wall_segment Palisade Wall x1 |
| 9:44 | CristianJSE · wall_segment Palisade Wall x1 |
| 9:46 | CristianJSE · wall_segment Palisade Wall x1 |
| 10:15 | Amarena · wall_segment Palisade Wall x4 |
| 10:17 | Amarena · wall_segment Palisade Wall x4 |
| 10:39 | CristianJSE · wall_segment Palisade Wall x12 |
| 10:56 | Amarena · wall_segment Palisade Wall x1 |
| 11:23 | Volmouth · age_up feudal |
| 11:49 | Amarena · age_up feudal |
| 11:53 | Vantokk · age_up feudal |
| 12:06 | SilverBullet · age_up feudal |
| 12:10 | CristianJSE · wall_segment Palisade Wall x1 |
| 12:32 | CristianJSE · wall_segment Palisade Wall x1 |
| 12:45 | Lord Cochrane · first_building Barracks |
| 12:47 | Kanzaki · age_up feudal |
| 12:58 | CristianJSE · wall_segment Palisade Wall x1 |
| 13:04 | Kanzaki · first_building Donjon |
| 13:24 | CristianJSE · wall_segment Palisade Wall x10 |
| 13:28 | Lord Cochrane · age_up feudal |
| 13:29 | marcelosarto · age_up feudal |
| 13:37 | Amarena · wall_segment Stone Wall x7 |
| 13:54 | SilverBullet · first_building Barracks |
| 14:23 | Lord Cochrane · wall_segment Stone Wall x1 |
| 14:24 | Lord Cochrane · wall_segment Stone Wall x1 |
| 14:25 | Lord Cochrane · wall_segment Stone Wall x1 |
| 14:26 | Lord Cochrane · wall_segment Stone Wall x2 |
| 14:27 | Lord Cochrane · wall_segment Stone Wall x2 |
| 14:30 | Lord Cochrane · wall_segment Stone Wall x1 |
| 14:31 | Lord Cochrane · wall_segment Stone Wall x1 |
| 14:32 | Lord Cochrane · wall_segment Stone Wall x1 |
| 14:33 | Lord Cochrane · wall_segment Stone Wall x1 |
| 14:33 | Lord Cochrane · wall_segment Stone Wall x1 |
| 14:34 | Lord Cochrane · wall_segment Stone Wall x1 |
| 14:35 | Lord Cochrane · wall_segment Stone Wall x2 |
| 14:36 | Lord Cochrane · wall_segment Stone Wall x1 |
| 14:47 | CristianJSE · wall_segment Palisade Wall x13 |
| 15:18 | CristianJSE · wall_segment Palisade Wall x11 |
| 15:39 | marcelosarto · wall_segment Stone Wall x3 |
| 15:40 | marcelosarto · wall_segment Stone Wall x1 |
| 15:44 | marcelosarto · wall_segment Stone Wall x4 |
| 15:48 | marcelosarto · wall_segment Stone Wall x4 |
| 16:21 | Amarena · wall_segment Stone Wall x2 |
| 16:30 | CristianJSE · wall_segment Palisade Wall x16 |
| 16:39 | Amarena · wall_segment Stone Wall x4 |
| 16:41 | Vantokk · wall_segment Stone Wall x11 |
| 16:42 | SilverBullet · wall_segment Stone Wall x18 |
| 17:55 | Amarena · wall_segment Stone Wall x1 |
| 18:08 | Vantokk · wall_segment Stone Wall x11 |
| 18:40 | marcelosarto · age_up castle |
| 18:45 | Vantokk · age_up castle |
| 19:00 | Volmouth · first_building Barracks |
| 19:01 | SilverBullet · wall_segment Stone Wall x17 |
| 19:11 | Vantokk · wall_segment Stone Wall x17 |
| 19:25 | marcelosarto · first_building Monastery |
| 19:29 | Amarena · first_building Barracks |
| 20:06 | CristianJSE · age_up feudal |
| 20:20 | Vantokk · wall_segment Stone Wall x12 |
| 20:25 | SilverBullet · wall_segment Stone Wall x16 |
| 20:27 | Amarena · first_building Archery Range |
| 20:35 | Kanzaki · wall_segment Palisade Wall x1 |
| 20:49 | Volmouth · first_building Stable |
| 21:14 | Vantokk · wall_segment Stone Wall x13 |
| 21:15 | marcelosarto · first_building Siege Workshop |
| 21:23 | Volmouth · age_up castle |
| 22:32 | Volmouth · first_building Castle |
| 22:49 | Lord Cochrane · age_up castle |
| 23:17 | marcelosarto · first_building Castle |
| 23:17 | SilverBullet · first_building Stable |
| 23:37 | Vantokk · wall_segment Stone Wall x13 |
| 24:18 | SilverBullet · first_building Archery Range |
| 24:20 | CristianJSE · wall_segment Stone Wall x13 |
| 24:20 | Amarena · age_up castle |
| 24:22 | Amarena · first_building Siege Workshop |
| 24:30 | Lord Cochrane · first_building Monastery |
| 24:53 | Kanzaki · first_building Barracks |
| 25:27 | SilverBullet · age_up castle |
| 25:58 | Kanzaki · first_market_buy 100 food |
| 26:03 | Kanzaki · first_market_sell 100 wood |
| 26:30 | CristianJSE · wall_segment Stone Wall x12 |
| 26:33 | marcelosarto · first_building Barracks |
| 26:36 | Vantokk · first_building Castle |
| 26:48 | CristianJSE · age_up castle |
| 26:59 | CristianJSE · first_building Siege Workshop |
| 27:38 | Volmouth · first_market_buy 100 wood |
| 27:59 | SilverBullet · first_building Castle |
| 28:34 | Amarena · first_market_buy 100 food |
| 28:43 | Lord Cochrane · first_building Stable |
| 28:44 | marcelosarto · wall_segment Stone Wall x9 |
| 28:51 | Kanzaki · age_up castle |
| 28:52 | Kanzaki · first_building Siege Workshop |
| 29:24 | Kanzaki · first_building Castle |
| 29:33 | Amarena · first_building Castle |
| 30:02 | Amarena · first_building Monastery |
| 30:32 | Vantokk · first_building Barracks |
| 30:51 | Volmouth · wall_segment Stone Wall x7 |
| 30:59 | Lord Cochrane · first_building Castle |
| 31:07 | SilverBullet · first_building Siege Workshop |
| 31:52 | Lord Cochrane · first_building Archery Range |
| 32:25 | Vantokk · first_building Archery Range |
| 32:28 | Vantokk · first_building Stable |
| 32:37 | SilverBullet · first_building Monastery |
| 33:10 | marcelosarto · age_up imperial |
| 34:05 | Kanzaki · first_building Stable |
| 34:24 | Volmouth · age_up imperial |
| 34:25 | Lord Cochrane · age_up imperial |
| 34:29 | SilverBullet · age_up imperial |
| 34:43 | Vantokk · age_up imperial |
| 34:59 | Lord Cochrane · wall_segment Stone Wall x6 |
| 35:00 | Lord Cochrane · wall_segment Stone Wall x3 |
| 35:02 | Lord Cochrane · wall_segment Stone Wall x4 |
| 35:06 | CristianJSE · first_building Castle |
| 36:32 | Kanzaki · first_building Monastery |
| 36:56 | Lord Cochrane · wall_segment Stone Wall x15 |
| 39:05 | Amarena · age_up imperial |
| 39:54 | CristianJSE · first_building Monastery |
| 41:44 | Kanzaki · age_up imperial |
| 45:19 | CristianJSE · first_market_buy 100 food |
| 45:55 | Volmouth · first_building Siege Workshop |
| 46:01 | Amarena · wall_segment Stone Wall x1 |
| 46:06 | Amarena · wall_segment Stone Wall x4 |
| 48:24 | Kanzaki · resign |
| 48:33 | CristianJSE · age_up imperial |
| 48:37 | marcelosarto · first_market_buy 500 stone |
| 49:00 | Amarena · wall_segment Stone Wall x3 |
| 49:05 | Amarena · wall_segment Stone Wall x2 |
| 49:23 | CristianJSE · first_building Barracks |
| 52:24 | CristianJSE · first_building Archery Range |
[ AI ANALYSIS · 1 CREDIT ]
What really happened in this match?
Wolo.gg analyzes every decision: build order, eco, micro, common mistakes by bracket. Personalized analysis on WhatsApp or Discord in 30 seconds.
Civ guide
Saracens
Perfil
Jugador #280271